 Dungeon Crawl Stone Soup version 0.31-a0-221-gbddc013574 (webtiles) character file.

Game seed: 4686347858342072769

979 senseless the Sneak (level 8, -1/54 HPs)
             Began as an Octopode Hunter on July 4, 2023.
             Slain by an orc
             ... wielding a +0 falchion
              (6 damage)
             ... on level 5 of the Dungeon.
             The game lasted 00:09:10 (3665 turns).

senseless the Sneak (Octopode Hunter)               Turns: 3665, Time: 00:09:11

Health: -1/54      AC:  8    Str: 10    XL:     8   Next: 17%
Magic:  8/8        EV: 20    Int: 12    God:
Gold:   181        SH:  0    Dex: 17    Spells: 7/7 levels left

rFire   . . .        b - +2 short sword (protect)
rCold   . . .        (no shield)
rNeg    . . .        (helmet restricted)
rPois   .            (no amulet)
rElec   .            f - +5 ring of evasion
rCorr   .            (no ring)
SInv    .            (no ring)
Will    .....        (no ring)
Stlth   ++++         (no ring)
HPRegen 0.29/turn    (no ring)
MPRegen 0.11/turn    (no ring)
                     (no ring)

%: no passive effects
@: under a protective aura
A: almost no armour, amphibious, 8 rings, camouflage 1, gelatinous body 1,
(nimble swimmer 1), tentacles
a: no special abilities


You were on level 5 of the Dungeon.
You visited 1 branch of the dungeon, and saw 5 of its levels.

You collected 275 gold pieces.
You spent 94 gold pieces at shops.

Inventory:

Hand Weapons
 a - a +0 shortbow
 b - a +2 short sword of protection (weapon)
 c - a +0 short sword of draining
Jewellery
 f - a +5 ring of evasion (left tentacle)
Wands
 m - a wand of iceblast (6)
 q - a wand of polymorph (4)
 s - a wand of acid (6)
Scrolls
 h - a scroll of vulnerability {unknown}
 k - a scroll of butterflies
 l - a scroll of teleportation {unknown}
 n - a scroll of immolation {unknown}
 p - a scroll of blinking {unknown}
Potions
 d - a potion of heal wounds
 e - 2 potions of mutation {unknown}
 g - a potion of attraction {unknown}
 i - a potion of might {unknown}
 j - 2 potions of ambrosia
 o - a potion of lignification
 r - 2 potions of curing


   Skills:
 + Level 4.9 Fighting
 + Level 6.1 Ranged Weapons
 + Level 4.9 Dodging
 + Level 6.5 Stealth


You had 7 spell levels left.
You didn't know any spells.
Your spell library contained the following spells:

 Spells                   Type           Power      Damage    Failure   Level
 Apportation              Tloc           0%         N/A       32%         1
 Necrotise                Necr           0%         1d4       32%         1
 Ensorcelled Hibernation  Hex/Ice        0%         N/A       45%         2
 Passwall                 Tmut/Erth      0%         N/A       45%         2
 Spider Form              Tmut/Pois      0%         N/A       69%         3
 Swiftness                Air            0%         N/A       69%         3
 Vampiric Draining        Necr           0%         2d6       69%         3
 Anguish                  Hex/Necr       0%         N/A       97%         4
 Agony                    Necr           0%         N/A       100%        5
 Alistair's Intoxication  Tmut/Pois      0%         N/A       100%        5


Dungeon Overview and Level Annotations

Branches:
Dungeon (5/15)
 Temple: D:4-7

Altars:
Kikubaaqudgha
The Shining One

Shops:
D:4 *(


Innate Abilities, Weirdness & Mutations

You cannot wear most types of armour.
You are amphibious.
You can wear up to eight rings at the same time.
Your skin changes colour to match your surroundings (Stealth+).
Your rubbery body absorbs attacks. (AC +1, EV +1)
((You are camouflaged when in or above water. (Stealth+)))
You have tentacles for arms and can constrict up to eight enemies at once.


Message History

The orc hits you with a +0 club.
You shoot an arrow. The arrow hits the orc.
The orc is heavily wounded.
The orc closely misses you. The orc misses you.
The orc priest calls upon Beogh to heal the orc.
The orc is healed somewhat.
You hear a shout!
You shoot an arrow. The arrow hits the orc.
You kill the orc!
The orc hits you from afar with a +0 trident.
You shoot an arrow. The arrow hits the orc!
You kill the orc!
You shoot an arrow. The arrow hits the orc priest.
The orc priest is lightly wounded.
An orc comes into view. It is wielding a +0 club.
You shoot an arrow. The arrow hits the orc priest!
The orc priest is severely wounded.
You shoot an arrow.
The arrow closely misses the orc priest.
The orc hits you with a +0 club.
The orc priest mumbles some strange prayers to Beogh against you.
Beogh smites you!
Your +2 short sword of protection hums with potential!
b - a +2 short sword of protection (weapon)
The orc hits you with a +0 club. The orc hits you with a +0 falchion.
The orc priest invokes the aid of Beogh against you.
Beogh smites you!
* * * LOW HITPOINT WARNING * * *
You hit the orc priest.
Your weapon exudes an aura of protection.
You grab the orc priest. You squeeze the orc priest.
You kill the orc priest!
The orc completely misses you. The orc hits you with a +0 falchion.
* * * LOW HITPOINT WARNING * * *
You closely miss the orc. You grab the orc. You constrict the orc.
The orc misses you. The orc completely misses you.
You hit the orc but do no damage. You squeeze the orc.
You kill the orc!
The orc hits you with a +0 falchion.
You die...

#####.##.#.#.#.##.#.##..##.#.#.#.
# #.##...#........##..##..#.⌠.#
#.##.#......#.#.....##.#.#.#.
.....#.#..)...#.##..###.⌠.#.⌠
.##........#...##..##.#.#.#. .
#.#.##.#.#.#.##..#.⌠.#.⌠.#
...........#.....##.#.#.#.
.###.##.#.#.##.##.#.⌠.#.⌠
......)@)..##.###.#.#.#.
#.###.##o#.##.##.⌠.#...# #
#)#.##..##.#.⌠.⌠. ........
##..._.. ......##.. ##.⌠.⌠.
......## .. ###### .......#
........# .........#


You could see an orc.

Vanquished Creatures
  3 black bears
  An ogre (D:4)
  2 scorpions
  A vampire bat (D:5)
  A howler monkey (D:5)
  2 orc priests (D:5)
  Ijyb (D:3)
  4 orc wizards (D:5)
  3 gnolls
  7 adders
  An ufetubus (D:4)
  7 worms
  2 dart slugs
  11 orcs
  5 ball pythons
  4 bat skeletons (D:5)
  3 bat zombies (D:5)
  8 endoplasms
  14 giant cockroaches
  9 goblins
  10 hobgoblins
  3 jackals (D:1)
  7 kobolds
  3 quokkas
  5 bats
  A frilled lizard (D:1)
  2 rats
120 creatures vanquished.

Notes
Turn   | Place    | Note
-------+----------+-------------------------------------------
     0 | D:1      | senseless the Octopode Hunter began the quest for the Orb.
     0 | D:1      | Reached XP level 1. HP: 14/14 MP: 1/1
   122 | D:1      | Reached XP level 2. HP: 19/19 MP: 2/2
   762 | D:2      | Reached XP level 3. HP: 25/25 MP: 3/3
  1134 | D:2      | Reached XP level 4. HP: 30/30 MP: 4/4
  1229 | D:2      | You fall into a shaft and drop 2 floors!
  1562 | D:3      | Noticed Ijyb
  1578 | D:3      | Killed Ijyb
  1579 | D:3      | Reached XP level 5. HP: 26/36 MP: 5/5
  1648 | D:3      | Found a glowing golden altar of the Shining One.
  1662 | D:3      | Found a faded altar of an unknown god.
  2245 | D:4      | Found Kasym's Antique Weapon Boutique.
  2455 | D:4      | Reached skill level 5 in Ranged Weapons
  2455 | D:4      | Reached XP level 6. HP: 32/42 MP: 6/6
  2870 | D:4      | Noticed a black bear
  2883 | D:4      | Killed a black bear
  2884 | D:4      | Reached skill level 5 in Stealth
  2884 | D:4      | Reached XP level 7. HP: 19/47 MP: 7/7
  2991 | D:4      | Found Mydicog's General Store.
  2997 | D:4      | Found Cunud's Specific Store.
  3000 | D:4      | Bought a scroll of identify for 24 gold pieces
  3008 | D:4      | Bought a potion of curing for 42 gold pieces
  3008 | D:4      | Bought a scroll of noise for 14 gold pieces
  3008 | D:4      | Bought a potion of degeneration for 14 gold pieces
  3061 | D:5      | Entered Level 5 of the Dungeon
  3214 | D:5      | Found an ancient bone altar of Kikubaaqudgha.
  3543 | D:5      | Reached XP level 8. HP: 54/54 MP: 8/8
  3665 | D:5      | Slain by an orc

Illustrated notes

Levels and vault maps discovered:
D:1:      evilmike_arrival_come_back, layout_loops_ring
D:2:      minmay_roachtagon, layout_basic, serial_bayou_pond_c,
          chequers_serial_rivers_micro_a, nicolae_figureground_sparkle
D:3:      layout_rooms, lemuel_crystal_altar,
          shapermc_ecumenical_altar_notcrosses, uniq_ijyb
D:4:      layout_loops_cross, nicolae_specific_store,
          hangedman_decor_diamond_cutter, nicolae_stop_n_shop_1
D:5:      layout_basic, kennysheep_vampire_church, minmay_diced_spiral

Skill      XL: |  1  2  3  4  5  6  7  8 |
---------------+-------------------------+-----
Stealth        | 2 3 4 5 6 |  6.5
Dodging        | 3 4 |  4.9
Fighting       | 3 4 |  4.9
Ranged Weapons | 5 6 |  6.1

Action                     |  1- 3 |  4- 6 |  7- 9 || total
---------------------------+-------+-------+-------++-------
  Melee: Short sword       |       |    17 |    35 ||    52
         Tentacles         |       |     7 |    12 ||    19
         Constrict         |       |     2 |     9 ||    11
         Punch             |       |       |     2 ||     2
   Fire: Shortbow          |    87 |   217 |    96 ||   400
    Use: Scroll            |       |     1 |     4 ||     5
 Armour: Skin              |     3 |     5 |     3 ||    11
  Dodge: Dodged            |    20 |   130 |   109 ||   259

Table legend: (Time is in decaauts)
 A = Elapsed time spent in this place.
 B = Non-inter-level travel time spent in this place.
 C = Inter-level travel time spent in this place.
 D = Time resting spent in this place.
 E = Time spent auto-exploring this place.
 F = Levels seen in this place.
 G = Mean time per level.
                   A        B        C        D        E       F      G
               +--------+--------+--------+--------+--------+-----+--------+
         Total |   3716 |   3574 |    142 |    100 |   2730 |   5 |  743.2 |
       Dungeon |   3716 |   3574 |    142 |    100 |   2730 |   5 |  743.2 |
               +--------+--------+--------+--------+--------+-----+--------+

Top non-repeatable levels by time:
     D:4: 1112 daAuts
     D:1: 732 daAuts
     D:2: 727 daAuts
     D:5: 607 daAuts
     D:3: 536 daAuts
